 Dungeon Crawl Stone Soup version 0.27.0-1-g7a08968 (webtiles) character file.

Game seed: 14883004083903122085

350 BALLS the Slasher (level 6, -6/29 (32) HPs)
             Began as a Vine Stalker Fighter on Jan 24, 2022.
             Mangled by an ogre (20 damage)
             ... on level 4 of the Dungeon.
             The game lasted 00:04:58 (4110 turns).

BALLS the Slasher (Vine Stalker Fighter)            Turns: 4110, Time: 00:04:58

HP:   -6/29 (32)    AC:  7    Str: 20    XL:     6   Next: 61%
MP:   0/7           EV:  7    Int:  8    God:
Gold: 170           SH:  9    Dex: 14    Spells: 5/5 levels left

rFire    . . .     SeeInvis .   a - +0 long sword
rCold    . . .     Faith    .   c - +0 kite shield
rNeg     . . .     Spirit   +   b - +0 scale mail
rPois    .         Reflect  .   (no helmet)
rElec    .         Harm     .   t - +0 cloak
rCorr    .         Rampage  .   (no gloves)
Will     .....                  (no boots)
Stlth    ..........             s - amulet of regeneration
HPRegen  2.09/turn              (no ring)
MPRegen  0.10/turn              (no ring)

@: drained
A: fangs 2, regeneration 1, magic shield, antimagic bite, no potion heal 2
a: no special abilities


You were on level 4 of the Dungeon.
You visited 1 branch of the dungeon, and saw 4 of its levels.
You also visited: Sewer.

You collected 170 gold pieces.

Inventory:

Hand Weapons
 a - a +0 long sword (weapon)
Missiles
 l - 2 throwing nets (quivered)
Armour
 b - a +0 scale mail (worn)
 c - a +0 kite shield (worn)
 t - a +0 cloak (worn)
Jewellery
 s - an amulet of regeneration (around neck)
Scrolls
 f - a scroll of immolation {unknown}
 h - 2 scrolls of identify {unknown}
 n - a scroll of teleportation {unknown}
 p - a scroll of noise {unknown}
 q - a scroll of magic mapping {unknown}
 r - a scroll of blinking {unknown}
Potions
 d - 3 potions of might
 e - 2 potions of ambrosia {unknown}
 g - a potion of invisibility {unknown}
 i - a potion of attraction {unknown}
 j - a potion of berserk rage {unknown}
 k - a potion of cancellation {unknown}
 m - a potion of curing {unknown}
 o - 2 potions of flight


   Skills:
 - Level 2.6 Fighting
 + Level 6.2 Long Blades
 - Level 2.4 Armour
 - Level 2.6 Shields


You had 5 spell levels left.
You didn't know any spells.
Your spell library contained the following spells:

 Spells                   Type           Power      Damage    Failure   Level
 Freeze                   Ice            0%         1d3       99%         1
 Summon Small Mammal      Summ           0%         N/A       99%         1
 Corpse Rot               Necr/Air       N/A        N/A       100%        2
 Call Canine Familiar     Summ           0%         N/A       100%        3
 Frozen Ramparts          Ice            0%         1d2       100%        3
 Portal Projectile        Hex/Tloc       0%         N/A       100%        3
 Summon Guardian Golem    Hex/Summ       0%         N/A       100%        3
 Dispel Undead            Necr           0%         3d6       100%        4
 Hailstorm                Conj/Ice       0%         3d3       100%        4
 Blade Hands              Tmut           0%         N/A       100%        5
 Excruciating Wounds      Necr           0%         N/A       100%        5
 Death Channel            Necr           0%         N/A       100%        6


Dungeon Overview and Level Annotations

Branches:
Dungeon (4/15)              Sewer (visited)
 Temple: D:4-7

Altars:
Elyvilon
The Shining One

Shops:
D:2 (


Innate Abilities, Weirdness & Mutations

You have extremely sharp teeth.
Your natural rate of healing is unusually fast.
When hurt, damage is shared between your health and your magic reserves.
Your bite disrupts and absorbs the magic of your enemies.
Potions cannot restore your health.


Message History

You feel drained. You block the orc's attack.
You hit the orc. You bite the orc.
You kill the orc!
The orc wizard hits you but does no damage.
You feel drained. You block the orc wizard's attack.
You hit the orc wizard.
You kill the orc wizard!
Things that are here:
a +2 dagger of draining; a +0 robe; an orc corpse
Things that are here:
a +0 club; a +0 leather armour; an orc corpse
Things that are here:
a +0 club; an orc corpse
Found a stone staircase leading down.
Found a chain mail.
You now have 170 gold pieces (gained 19).
Found an escape hatch in the floor.
There is an escape hatch in the floor here.
Found a stone staircase leading down.
An orc comes into view.
It is wielding a +1 flail of holy wrath.
The orc shouts!
There is a stone staircase leading down here.
You hit the orc. Your bite misses the orc.
The orc is lightly wounded.
The orc hits you with a +1 flail of holy wrath!
You hit the orc. You bite the orc.
You kill the orc!
Things that are here:
a +1 flail of holy wrath; an orc corpse HP restored.
Key pressed, stopping explore.
An ogre comes into view. It is wielding a +0 giant spiked club.
You completely miss the ogre. You bite the ogre, but do no damage.
The ogre barely misses you.
You riposte.
You barely miss the ogre. You hit the ogre but do no damage.
The ogre hits you with a +0 giant spiked club!!
Ouch! That really hurt!
The ogre hits you with a +0 giant spiked club!!
Ouch! That really hurt!
You die...

##################
##.................
#...PPPP..####.._..
#..................
#.............##.##
##@#########...#.#
#O# #.#...# #.#
#...### #.# #####
..# .## . #. ######


You could see an ogre.

Vanquished Creatures
  A necrophage (D:3)
  A kobold brigand (Sewer)
  A centaur skeleton (D:4)
  An orc wizard (D:4)
  A killer bee zombie (D:4)
  3 river rats
  An adder (D:2)
  2 worms
  8 orcs
  6 ball pythons
  6 endoplasms
  3 giant cockroaches
  2 goblins
  3 hobgoblins (D:2)
  5 jackals
  4 quokkas
  3 bats
  7 frilled lizards
  12 kobolds
  6 rats
  A bush (D:2)
77 creatures vanquished.

Notes
Turn   | Place    | Note
-------+----------+-------------------------------------------
     0 | D:1      | BALLS the Vine Stalker Fighter began the quest for the Orb.
     0 | D:1      | Reached XP level 1. HP: 11/11 MP: 2/2
    99 | D:1      | Reached skill level 2 in Long Blades
   164 | D:1      | Found a faded altar of an unknown god.
   348 | D:1      | Reached XP level 2. HP: 15/16 MP: 3/3
  1021 | D:1      | Reached skill level 3 in Long Blades
  1089 | D:1      | Reached XP level 3. HP: 19/19 MP: 4/4
  1583 | D:2      | Found Ysisu's Antique Weapon Boutique.
  2741 | D:3      | Gained mutation: Your natural rate of healing is unusually
                  | fast. [Vine Stalker growth]
  2741 | D:3      | Reached XP level 4. HP: 18/23 MP: 5/5
  2875 | D:3      | Reached skill level 4 in Long Blades
  2891 | D:3      | Found a glowing drain.
  2912 | Sewer    | Entered a sewer
  2982 | Sewer    | Noticed a kobold brigand
  2998 | Sewer    | Killed a kobold brigand
  2999 | Sewer    | Reached skill level 5 in Long Blades
  2999 | Sewer    | Reached XP level 5. HP: 16/27 MP: 4/6
  3037 | Sewer    | Found a glowing silver altar of Zin.
  3252 | D:3      | Noticed a necrophage
  3261 | D:3      | Killed a necrophage
  3262 | D:3      | Reached XP level 6. HP: 23/32 MP: 7/7
  3710 | D:4      | Reached skill level 6 in Long Blades
  3755 | D:4      | Found a white marble altar of Elyvilon.
  3832 | D:4      | Found a glowing golden altar of the Shining One.
  4110 | D:4      | Mangled by an ogre

Illustrated notes

Levels and vault maps discovered:
D:1:      matt_arrival_grand_opening, layout_basic,
          ebering_ecumenical_altar_ruins, dk_noncrumbling_4
D:2:      layout_basic, serial_forest, infiniplex_forest_end_2,
          infiniplex_forest_clump_tiny, infiniplex_forest_lined_room_,
          infiniplex_forest_clump_small, infiniplex_forest_end_3,
          infiniplex_forest_straight_4, infiniplex_forest_clump_tiny,
          serial_shops, nicolae_shop_stone
D:3:      layout_basic, cheibrodos_sewer_entry_sluice
D:4:      layout_loops_ring, mainiacjoe_overflow_boulevard, old_standard_altar,
          minmay_increasing_density

Skill      XL: |  1  2  3  4  5  6 |
---------------+-------------------+-----
Long Blades    | 2 3 5 6 |  6.2
Fighting       | |  2.6
Armour         | |  2.4
Shields        | |  2.6

Action                   |  1- 3 |  4- 6 || total
-------------------------+-------+-------++-------
Melee: Long sword        |   142 |   112 ||   254
       Bite              |    55 |    34 ||    89
  Use: Potion            |       |     1 ||     1
Armor: Scale mail        |    41 |    45 ||    86
Dodge: Dodged            |    39 |    36 ||    75
Block: Kite shield       |    59 |    61 ||   120
       Rpst.: Long sword |    11 |     8 ||    19
